 Dungeon Crawl Stone Soup version 0.30.1-3-gfc49f6343a (webtiles) character file.

Game seed: 7620803475819707749

2571 Wiggles the Cleaver (level 9, -8/80 HPs)
             Began as a Minotaur Berserker on Aug 9, 2023.
             Was an Elder of Trog.
             Mangled by a hornet (12 damage)
             ... on level 8 of the Dungeon.
             The game lasted 00:09:09 (5335 turns).

Wiggles the Cleaver (Minotaur Berserker)            Turns: 5335, Time: 00:09:09

Health: -8/80      AC: 17    Str: 27    XL:     9   Next: 32%
Magic:  2/2        EV:  9    Int:  4    God:    Trog [****..]
Gold:   573        SH:  0    Dex: 15    Spells: 8/8 levels left

rFire   . . .        u - +5 war axe (antimagic)
rCold   . . .        (no shield)
rNeg    . . .        r - +0 plate armour
rPois   .            a - +2 hat
rElec   .            q - +0 cloak
rCorr   .            z - +0 pair of gloves
SInv    .            (no boots)
Will    .....        (no amulet) Stlth
                     l - +6 ring of dexterity
HPRegen 0.33/turn    (no ring)
MPRegen 0.08/turn

%: no passive effects
@: lethally poisoned (-8 -> -12), slowed, very slow
A: horns 2, retaliatory headbutt
a: Renounce Religion, Berserk, Trog's Hand, Brothers in Arms


You were on level 8 of the Dungeon.
You worshipped Trog.
Trog was greatly pleased with you.
You visited 1 branch of the dungeon, and saw 8 of its levels.
You also visited: Ossuary.

You collected 573 gold pieces.

Inventory:

Hand Weapons
 p - a +0 war axe of draining
 u - a +5 antimagic war axe (weapon)
Missiles
 d - a throwing net (quivered)
Armour
 a - a +2 hat (worn)
 q - a +0 cloak (worn)
 r - a +0 plate armour (worn)
 z - a +0 pair of gloves (worn)
Jewellery
 c - a ring of fire
 h - a ring of fire
 l - a +6 ring of dexterity (left hand)
Wands
 m - a wand of flame (19)
 t - a wand of mindburst (21)
Scrolls
 b - a scroll of identify
 g - a scroll of magic mapping
 i - 3 scrolls of noise
 n - 2 scrolls of teleportation
Potions
 e - a potion of lignification {unknown}
 f - a potion of flight {unknown}
 j - a potion of invisibility
 k - 3 potions of mutation
 o - 3 potions of brilliance
 s - a potion of haste
 v - a potion of resistance
 w - 8 potions of curing
 x - 5 potions of attraction
 A - a potion of magic


   Skills:
 + Level 7.7 Fighting
 + Level 11.5 Axes
 + Level 7.0 Armour
 + Level 3.8 Dodging
 + Level 1.9 Stealth


You had 8 spell levels left.
You didn't know any spells.
Your spell library was empty.

Dungeon Overview and Level Annotations

Branches:
Dungeon (8/15)             Temple (0/1) D:7         Ossuary (visited)
   Lair: D:8-11

Altars:
Ashenzari
Cheibriados
Elyvilon
Ru
Trog
Uskayaw
Vehumet
Wu Jian
Xom


Innate Abilities, Weirdness & Mutations

You have a pair of horns on your head.
You reflexively headbutt those who attack you in melee.


Message History

Trog accepts your kill.
m - a wand of flame (19)
You see here a +0 shortbow.
A hornet comes into view.
You are too injured to fight recklessly!
You are too injured to fight recklessly!
The hornet buzzes angrily.
You slash the hornet!
The hornet is moderately wounded.
The hornet stings you.
You suddenly lose the ability to move!
The hornet stings you but does no damage.
The hornet stings you.
You feel yourself slow down.
You can move again.
You barely miss the hornet. Your headbutt misses the hornet.
The hornet is moderately wounded.
The hornet stings you but does no damage.
The hornet barely misses you.
You hit the hornet.
The hornet is moderately wounded.
You feel yourself speed up. The hornet closely misses you.
The hornet stings you.
You are poisoned.
You feel yourself slow down.
You barely miss the hornet.
You headbutt the hornet, but do no damage.
The hornet is moderately wounded.
You feel yourself speed up.
You feel very sick. The hornet stings you!
* * * LOW HITPOINT WARNING * * *
You feel yourself slow down. The hornet stings you.
* * * LOW HITPOINT WARNING * * *
You feel as though you will be slow longer.
You slash the hornet! You headbutt the hornet!
The hornet is almost dead.
* * * LOW HITPOINT WARNING * * *
You feel sick.
The hornet stings you but does no damage.
The hornet stings you!
You die...

................#
................#
................#
......††........#
......).........#
........).......#
........).......#
...........)....#
........)....@..#
...<.##..##..y..#
#########..##.....#
#...........#.....#
#...........#.....#
#...........#.....#
#......##+###.....#
#..)>..## #...###
#.......#


You could see a hornet.

Vanquished Creatures
  Maggie (D:7)
  Eustachio (D:5)
  Menkaure (D:7)
  Duvessa (D:4)
  3 water moccasins
  An ogre (D:5)
  2 centaurs
  A phantom (D:6)
  Blork the orc (D:4)
  A bullfrog (D:8)
  3 elf zombies (Ossuary)
  2 scorpions
  Dowan (D:4)
  The ghost of turdburglar the Trooper, a weakling DsFi (D:3)
  A howler monkey (D:5)
  An orc priest (D:7)
  4 hounds
  2 jellies (D:5)
  2 human zombies (Ossuary)
  Crazy Yiuf (D:3)
  3 iguanas
  A sleepcap (D:6)
  2 orc wizards
  2 hound zombies (Ossuary)
  4 mummies (Ossuary)
  3 adders
  2 white imps
  An ufetubus (D:6)
  An adder zombie (Ossuary)
  5 dart slugs
  18 orcs
  8 bats
  8 endoplasms
  5 giant cockroaches
  8 hobgoblins
  5 jackals
  5 kobolds
  A quokka (D:1)
  4 ball pythons
  3 frilled lizards
  8 goblins
  A goblin zombie (Ossuary)
  A jackal zombie (Ossuary)
  A kobold zombie (D:7)
  An orc zombie (Ossuary)
  4 rats
  A rat zombie (Ossuary)
137 creatures vanquished.

Notes
Turn   | Place    | Note
-------+----------+-------------------------------------------
     0 | D:1      | Wiggles the Minotaur Berserker began the quest for the Orb.
     0 | D:1      | Reached XP level 1. HP: 19/19 MP: 0/0
   198 | D:1      | Reached skill level 4 in Axes
   198 | D:1      | Reached XP level 2. HP: 22/27 MP: 1/1
   785 | D:2      | Reached XP level 3. HP: 33/33 MP: 2/2
   886 | D:2      | Reached ** piety under Trog
   907 | D:2      | Found a bloodstained altar of Trog.
  1019 | D:2      | Found a faded altar of an unknown god.
  1249 | D:3      | Found a snail-covered altar of Cheibriados.
  1284 | D:3      | Reached XP level 4. HP: 32/41 MP: 3/3
  1375 | D:3      | Found a white marble altar of Elyvilon.
  1405 | D:3      | Found an ornate altar of the Wu Jian Council.
  1446 | D:3      | Reached skill level 5 in Axes
  1693 | D:3      | Found a runed translucent door.
  1694 | D:3      | Noticed Crazy Yiuf
  1702 | D:3      | Killed Crazy Yiuf
  1703 | D:3      | Reached XP level 5. HP: 47/47 MP: 4/4
  1778 | D:3      | Found a runed translucent door.
  1782 | D:3      | Noticed turdburglar's ghost (weakling DsFi)
  1791 | D:3      | Killed turdburglar's ghost
  1792 | D:3      | Reached skill level 5 in Fighting
  1952 | D:4      | Found a broken altar of Ashenzari.
  2026 | D:4      | Noticed Duvessa
  2043 | D:4      | Killed Duvessa
  2044 | D:4      | Reached skill level 6 in Axes
  2044 | D:4      | Reached XP level 6. HP: 56/56 MP: 5/5
  2048 | D:4      | Noticed Dowan
  2062 | D:4      | Killed Dowan
  2303 | D:4      | Reached *** piety under Trog
  2309 | D:4      | Found a hide-covered altar of Uskayaw.
  2313 | D:4      | Noticed Blork the orc
  2324 | D:4      | Killed Blork the orc
  2529 | D:4      | Found a shimmering altar of Xom.
  2580 | D:4      | Reached XP level 7. HP: 49/62 MP: 2/6
  2710 | D:5      | Entered Level 5 of the Dungeon
  2713 | D:5      | Reached skill level 7 in Axes
  2776 | D:5      | Reached skill level 1 in Stealth
  2881 | D:5      | You fall into a shaft and drop 1 floor!
  3089 | D:5      | Noticed Eustachio
  3101 | D:5      | Killed Eustachio
  3102 | D:5      | Reached skill level 8 in Axes
  3243 | D:5      | Reached skill level 5 in Armour
  3564 | D:6      | Reached XP level 8. HP: 71/71 MP: 2/7
  3733 | D:6      | Reached skill level 9 in Axes
  3837 | D:6      | Found a radiant altar of Vehumet.
  3891 | D:6      | Found a sacrificial altar of Ru.
  4193 | D:7      | Noticed Maggie
  4204 | D:7      | Killed Maggie
  4370 | D:7      | Noticed Menkaure
  4374 | D:7      | Killed Menkaure
  4375 | D:7      | Reached skill level 10 in Axes
  4423 | D:7      | Found a sand-covered staircase.
  4430 | Ossuary  | Entered an ossuary
  4451 | Ossuary  | Reached **** piety under Trog
  4453 | Ossuary  | Reached XP level 9. HP: 49/79 MP: 2/8
  4784 | D:7      | Found a staircase to the Ecumenical Temple.
  4991 | D:7      | Reached skill level 11 in Axes
  5330 | D:8      | Paralysed by a hornet for 1 turns
  5335 | D:8      | HP: 4/80 [poisoned by a hornet]
  5335 | D:8      | Mangled by a hornet

Illustrated notes

Levels and vault maps discovered:
D:1:      scummos_arrival_gate, layout_basic
D:2:      layout_basic, basic_altar, chequers_ecumenical_altar_simple_redux
D:3:      layout_rooms, mainiacjoe_overflow_chevrons, general_overflow_altar,
          mainiacjoe_overflow_cross_hatched, ebering_ghost_reflecting_pool,
          uniq_crazy_yiuf_cottage
D:4:      layout_loops_ring, kennysheep_little_box,
          mainiacjoe_overflow_concentric_impassable, ashenzari_altar_1,
          kennysheep_generic_room_15, uniq_duvessa, uniq_blork_the_orc
D:5:      layout_cave_pools, uniq_eustachio
D:6:      layout_rooms, nicolae_ru_great_annihilating_truth,
          amcnicky_altar_gilded
D:7:      layout_loops_ring, minmay_temple_entry_ruins, enter_ossuary_3,
          uniq_menkaure, uniq_maggie
D:8:      layout_gridville, mainiacjoe_overflow_tiny_flanked, serial_shops,
          nicolae_shop_back_alley_shop, grunt_decor_fettered

Skill      XL: |  1  2  3  4  5  6  7  8  9 |
---------------+----------------------------+-----
Axes           | 4 5 6 8 10 11 | 11.5
Fighting       | 4 5 6 7 |  7.7
Dodging        | 3 |  3.8
Armour         | 3 5 6 7 |  7.0
Stealth        | 1 |  1.9

Action                     |  1- 3 |  4- 6 |  7- 9 || total
---------------------------+-------+-------+-------++-------
  Melee: Hand axe          |    79 |    20 |       ||    99
         Headbutt          |    13 |    13 |    23 ||    49
         Punch             |     1 |       |       ||     1
         War axe           |       |    40 |   140 ||   180
 Invoke: Berserk           |       |     4 |       ||     4
    Use: Scroll            |       |       |    17 ||    17
   Stab: Paralysed         |       |       |     1 ||     1
 Armour: Animal skin       |     8 |       |       ||     8
         Leather armour    |    13 |       |       ||    13
         Chain mail        |       |     1 |       ||     1
         Plate armour      |       |    33 |   114 ||   147
  Dodge: Dodged            |    54 |    34 |    59 ||   147
